 Dungeon Crawl Stone Soup version 0.18.1-48-g4cf74bf (webtiles) character file.

388 Gargoyl the Skirmisher (level 6, -13/49 HPs)
             Began as a Demonspawn Abyssal Knight on June 27, 2016.
             Was a Believer of Lugonu.
             Mangled by an ogre
             ... wielding a +0 giant club
              (20 damage)
             ... on level 4 of the Dungeon.
             The game lasted 00:06:04 (4668 turns).

Gargoyl the Skirmisher (Demonspawn Abyssal Knight)  Turns: 4668, Time: 00:06:05

Health: -13/49     AC:  6    Str: 18    XL:     6   Next: 49%
Magic:  7/7        EV: 13    Int: 13    God:    Lugonu [**....]
Gold:   212        SH:  0    Dex: 12    Spells: 0 memorised, 5 levels left

rFire  + . .     SeeInvis .     a - +1 hand axe
rCold  + . .     Gourm    .     d - +3 leather armour of Hedging {rPois rF+ rC+ Str+3}
rNeg   . . .     Faith    .     (no shield)
rPois  +         Spirit   .     (no helmet)
rElec  .         Dismiss  .     (no cloak)
rCorr  .         Reflect  .     (no gloves)
SustAt .         Harm     .     (no boots)
MR     .....                    (no amulet)
Stlth  ++........               (no ring)
                                (no ring)

@: not resistant to hostile enchantments, unstealthy
A: claws 1, demonic guardian 1, powered by death 1
a: Depart the Abyss, Bend Space, Renounce Religion


You were on level 4 of the Dungeon.
You worshipped Lugonu.
Lugonu was pleased with you.
You were not hungry.

You visited 1 branch of the dungeon, and saw 4 of its levels.
You visited the Abyss 1 time.

You collected 212 gold pieces.

Inventory:

Hand Weapons
 a - a +1 hand axe (weapon)
Armour
 d - the +3 leather armour of Hedging (worn) {rPois rF+ rC+ Str+3}
   (You found it on level 2 of the Abyss)

   It affects your strength (+3).
   It protects you from fire.
   It protects you from cold.
   It protects you from poison.
Jewellery
 q - an uncursed amulet of guardian spirit {unknown}
Wands
 v - a wand of flame (33/48)
Scrolls
 m - 2 scrolls of noise {unknown}
 o - 4 scrolls of identify
 t - a scroll of immolation {unknown}
 w - 2 scrolls of enchant weapon {unknown}
 x - a scroll of remove curse {unknown}
Potions
 b - 2 potions of berserk rage {unknown}
 e - a potion of invisibility {unknown}
 g - 3 potions of mutation {unknown}
 h - a potion of heal wounds {unknown}
 i - 5 potions of curing {unknown}
 k - a potion of brilliance {unknown}
 p - a potion of cancellation {unknown}
 r - a potion of flight {unknown}
 s - a potion of cure mutation {unknown}
 u - a potion of lignification {unknown}
Comestibles
 c - 3 bread rations
 f - 2 beef jerkies
 j - 3 fruits
 l - a slice of pizza
 n - a meat ration
 z - 6 chunks of flesh


   Skills:
 + Level 4.4 Fighting
 + Level 3.3 Axes
 + Level 2.5 Armour
 + Level 3.5 Dodging
 + Level 1.6 Stealth
 + Level 2.5 Invocations


You had 5 spell levels left.
You didn't know any spells.

Dungeon Overview and Level Annotations

Branches:
Dungeon (4/15)
 Temple: D:4-7

Altars:
Gozag
Qazlal
Vehumet
Zin


Innate Abilities, Weirdness & Mutations

You have sharp fingernails.
A weak demonic guardian rushes to your aid.
You regenerate a little health from kills.


Message History

You barely miss the ogre.
The ogre is moderately wounded.
The ogre hits you with a giant club!
You hit the ogre.
The ogre is heavily wounded.
The ogre hits you with a giant club!
You hit the ogre.
The ogre is severely wounded.
The ogre misses you.
You hit the ogre.
The ogre is severely wounded.
The ogre hits you with a giant club.
You hit the ogre.
The ogre is severely wounded.
The ogre hits you with a giant club!
* * * LOW HITPOINT WARNING * * *
You barely miss the ogre.
The ogre is severely wounded.
The ogre hits you with a giant club!!
You die...

.#..###.####.
....#......(.
#.........####
#....<......#
##........##.##########
.......)..##..>........
####..<...###.....[....
#...)†..............
###).#.####.@O...... ###
##....####.........
#.####..................
#...##..................
#...............!#######
#.................
#.................
#.................
.#.###..........


You could see an ogre.

Vanquished Creatures
  The ghost of Caphalor the Poker, an amateur MfSk (D:3)
  The ghost of cutebanana the Conjurer, an amateur DECj (D:4)
  A hound (D:3)
  An iguana (D:4)
  A worker ant (D:4)
  Ijyb (D:3)
  An orc wizard (D:4)
  4 gnolls (D:3)
  4 adders
  2 worms
  2 dart slugs (D:1)
  A giant gecko (D:3)
  3 orcs
  7 bats
  A giant cockroach (D:3)
  4 hobgoblins
  3 jackals (D:2)
  11 kobolds
  A ball python skeleton (D:4)
  3 giant newts
  7 goblins
  10 rats
70 creatures vanquished.

Vanquished Creatures (collateral kills)
  An orc wizard (D:4)
  An adder (D:4)
  A giant gecko (D:4)
  2 orcs (D:4)
5 creatures vanquished.

Grand Total: 75 creatures vanquished

Notes
Turn   | Place    | Note
--------------------------------------------------------------
     0 | Abyss:1  | Gargoyl the Demonspawn Abyssal Knight began the quest for the Orb.
     0 | Abyss:1  | Reached XP level 1. HP: 18/18 MP: 2/2
    50 | Abyss:1  | Noticed a balrug
    59 | Abyss:1  | Noticed a small abomination
    65 | Abyss:1  | Noticed a small abomination
    67 | Abyss:1  | Noticed a great orb of eyes
    68 | Abyss:1  | Noticed a chaos spawn
    68 | Abyss:1  | Noticed a large abomination
    83 | Abyss:2  | Got a steaming leather armour
    94 | Abyss:2  | Identified the +3 leather armour of Hedging {rPois rF+ rC+ Str+3} (You found it on level 2 of the Abyss)
    96 | Abyss:2  | Noticed a small abomination
    96 | D:1      | Escaped the Abyss
   626 | D:1      | Gained mutation: A weak demonic guardian rushes to your aid. [demonic ancestry]
   626 | D:1      | Reached XP level 2. HP: 23/24 MP: 3/3
   895 | D:1      | Reached skill level 1 in Dodging
  1171 | D:1      | Reached * piety under Lugonu
  1385 | D:2      | Reached XP level 3. HP: 20/29 MP: 4/4
  2461 | D:2      | Found an opulent altar of Gozag.
  2461 | D:2      | Found a glowing silver altar of Zin.
  2461 | D:2      | Found a stormy altar of Qazlal.
  2834 | D:3      | Reached skill level 4 in Fighting
  2834 | D:3      | Reached XP level 4. HP: 15/37 MP: 5/5
  3117 | D:3      | Noticed Caphalor's ghost (amateur MfSk)
  3147 | D:3      | Killed Caphalor's ghost
  3149 | D:3      | Reached ** piety under Lugonu
  3155 | D:3      | Reached skill level 1 in Stealth
  3157 | D:3      | Gained mutation: You have sharp fingernails. [demonic ancestry]
  3157 | D:3      | Reached XP level 5. HP: 25/42 MP: 6/6
  3382 | D:3      | Noticed Ijyb
  3412 | D:3      | Killed Ijyb
  3849 | D:3      | Found a radiant altar of Vehumet.
  4242 | D:4      | Noticed cutebanana's ghost (amateur DECj)
  4334 | D:4      | Killed cutebanana's ghost
  4334 | D:4      | Gained mutation: You regenerate a little health from kills. [demonic ancestry]
  4334 | D:4      | Reached XP level 6. HP: 10/48 MP: 7/7
  4668 | D:4      | Mangled by an ogre

Skill      XL: |  1  2  3  4  5 |
---------------+----------------+-----
Axes           | 2 3 |  3.3
Dodging        | 1 2 3 |  3.5
Armour         | 2 |  2.5
Fighting       | 4 |  4.4
Stealth        | 1 |  1.6
Invocations    | |  2.5

Action                   |  1- 3 |  4- 6 || total
-------------------------+-------+-------++-------
Melee: Hand axe          |   121 |   154 ||   275
Invok: Depart the Abyss  |     1 |       ||     1
  Use: Scroll            |     2 |       ||     2
 Stab: Distracted        |       |     2 ||     2
  Eat: Chunk             |     5 |     7 ||    12
Armor: Leather armour    |    54 |    59 ||   113
Dodge: Dodged            |    69 |    99 ||   168
